 Dungeon Crawl Stone Soup version 0.30-a0-830-gfe289a77b0 (webtiles) character file.

Game seed: 18020584689615907984

749 bande the Covered (level 7, 0/44 HPs)
             Began as a Gargoyle Fighter on Feb 28, 2023.
             Was a Follower of Okawaru.
             Slain by an orc
             ... wielding a +0 hand axe
              (4 damage)
             ... on level 5 of the Dungeon.
             The game lasted 00:05:25 (3454 turns).

bande the Covered (Gargoyle Fighter)                Turns: 3454, Time: 00:05:25

Health: 0/44       AC: 15    Str: 19    XL:     7   Next: 78%
Magic:  7/8        EV:  7    Int:  9    God:    Okawaru [*.....]
Gold:   276        SH:  5    Dex: 11    Spells: 6/6 levels left

rFire   . . .      SeeInvis .    a - +1 war axe
rCold   . . .      Faith    .    c - +1 buckler
rNeg    + . .      Spirit   .    m - +0 chain mail
rPois   ∞          Reflect  .    t - +0 helmet
rElec   +          Harm     .    (no cloak)
rCorr   .          Rampage  .    (no gloves)
Will    .....                    (no boots) Stlth
                                 (no amulet)
HPRegen 0.27/turn                (no ring)
MPRegen 0.11/turn                (no ring)

@: studying Translocations
A: sickness immunity, AC +4, negative energy resistance 1, electricity
resistance, torment resistance 1, petrification resistance
a: Renounce Religion, Heroism


You were on level 5 of the Dungeon.
You worshipped Okawaru.
Okawaru was aware of your devotion.
You visited 2 branches of the dungeon, and saw 6 of its levels.

You collected 276 gold pieces.

Inventory:

Hand Weapons
 a - a +1 war axe (weapon)
 q - a +0 flail
Armour
 c - a +1 buckler (worn)
 m - a +0 chain mail (worn)
 t - a +0 helmet (worn)
Jewellery
 s - a ring of flight
Wands
 b - a wand of iceblast (8)
 f - a wand of mindburst (14)
Scrolls
 h - a scroll of enchant weapon
 i - a scroll of enchant armour
Potions
 d - a potion of might
 e - a potion of flight {unknown}
 g - 2 potions of invisibility
 j - 2 potions of mutation {unknown}
 k - 4 potions of curing
 u - a potion of heal wounds {unknown}
 v - a potion of attraction {unknown}


   Skills:
 + Level 4.5 Fighting
 + Level 4.6 Axes
 + Level 4.6 Armour
 + Level 4.0 Shields
 * Level 4.4 Translocations
 * Level 1.5 Invocations
 * Level 2.3 Evocations


You had 6 spell levels left.
You didn't know any spells.
Your spell library contained the following spells:

 Spells                   Type           Power      Damage    Failure   Level
 Apportation              Tloc           16%        N/A       67%         1
 Alistair's Intoxication  Tmut/Pois      0%         N/A       100%        5


Dungeon Overview and Level Annotations

Branches:
Dungeon (5/15)             Temple (1/1) D:4

Altars:
Ashenzari
Dithmenos
Elyvilon
Fedhas
Kikubaaqudgha
Makhleb
Nemelex Xobeh
Okawaru
Ru
Sif Muna
Trog
Uskayaw

Shops:
D:1 (   D:4 (


Innate Abilities, Weirdness & Mutations

You are immune to sickness and miasma.
Your stone body is resilient. (AC +4)
You are immune to poison.
You resist negative energy. (rN+)
You are resistant to electric shocks. (rElec)
You are resistant to unholy torment.
You are immune to petrification.


Message History

You slash the ogre!
The ogre is moderately wounded.
An orc wizard comes into view. It is wielding a +0 dagger.
The orc wizard casts a spell.
The orc wizard flickers and vanishes!
Deactivating autopickup; reactivate with Ctrl-A.
The ogre hits you with a +0 giant club!
You are too injured to fight recklessly!
You are too injured to fight recklessly!
You are too injured to fight recklessly!
You are too injured to fight recklessly!
You are too injured to fight recklessly!
You are too injured to fight recklessly!
You are too injured to fight recklessly!
You are too injured to fight recklessly!
You are too injured to fight recklessly!
You are too injured to fight recklessly!
You hit the ogre.
The ogre is moderately wounded.
An orc comes into view. It is wielding a +0 dagger.
The ogre barely misses you.
You slash the ogre!
The ogre is almost dead.
The ogre hits you with a +0 giant club!
* * * LOW HITPOINT WARNING * * *
You slash the ogre!
You kill the ogre!
Okawaru accepts your kill.
You can now gain great but temporary skills.
Your Shields skill increases to level 4!
You completely miss something.
An orc comes into view. It is wielding a +0 trident.
You barely miss the orc.
The orc shouts!
The orc hits you but does no damage.
You barely miss the orc. You block the orc's attack.
You barely miss the orc. You block the orc's attack. The orc barely misses you.
You barely miss the orc. You block the orc's attack.
You barely miss the orc. The orc hits you with a +0 hand axe.
You die...

...........#
......>...##
#........##
#........##
..........#
..........#
#........##
##..##..##
### #@## #o#
#.o #o##


.oo #.. #.. #... You could see an orc wizard and 4 orcs.

Vanquished Creatures
  Grinder (D:3)
  An ogre (D:5)
  A necrophage (D:5)
  2 scorpions
  Jessica (D:3)
  2 iguanas
  An orc wizard (D:3)
  Robin (D:4)
  3 gnolls (D:4)
  5 adders
  A white imp (D:5)
  An ufetubus (D:5)
  A worm (D:2)
  A dart slug (D:3)
  6 orcs
  6 endoplasms
  2 giant cockroaches
  14 goblins
  8 hobgoblins
  4 quokkas
  12 ball pythons
  7 bats
  3 frilled lizards (D:1)
  7 kobolds
  3 rats (D:2)
94 creatures vanquished.

Notes
Turn   | Place    | Note
-------+----------+-------------------------------------------
     0 | D:1      | bande the Gargoyle Fighter began the quest for the Orb.
     0 | D:1      | Reached XP level 1. HP: 14/14 MP: 1/1
    49 | D:1      | Reached XP level 2. HP: 17/19 MP: 2/2
   118 | D:1      | Found Piobesuf's Antique Weapon Shoppe.
   336 | D:1      | Reached XP level 3. HP: 23/23 MP: 3/3
   687 | D:2      | Found an ancient bone altar of Kikubaaqudgha.
   949 | D:2      | Found a faded altar of an unknown god.
  1086 | D:2      | Reached XP level 4. HP: 29/29 MP: 4/4
  1132 | D:2      | Identified a scroll of acquirement
  1132 | D:2      | Acquired a manual of Translocations
  1147 | D:2      | Reached skill level 1 in Translocations
  1315 | D:3      | Noticed Jessica
  1319 | D:3      | Killed Jessica
  1335 | D:3      | Reached XP level 5. HP: 23/33 MP: 5/5
  1406 | D:3      | Noticed Grinder
  1420 | D:3      | Paralysed by Grinder for 4 turns
  1428 | D:3      | Paralysed by Grinder for 5 turns
  1448 | D:3      | Killed Grinder
  1449 | D:3      | Reached skill level 1 in Evocations
  1449 | D:3      | Reached XP level 6. HP: 25/38 MP: 6/6
  2255 | D:4      | Noticed Robin
  2278 | D:4      | Killed Robin
  2467 | D:4      | Found a broken altar of Ashenzari.
  2486 | D:4      | Found a staircase to the Ecumenical Temple.
  2506 | Temple   | Entered the Ecumenical Temple
  2600 | Temple   | Became a worshipper of Warmaster Okawaru
  2706 | D:4      | Reached XP level 7. HP: 38/43 MP: 7/7
  2825 | D:4      | Found Zasamn's Antique Weapon Emporium.
  3102 | D:5      | Entered Level 5 of the Dungeon
  3337 | D:5      | Reached skill level 1 in Invocations
  3447 | D:5      | HP: 1/44 [ogre/+0 giant club (16)]
  3448 | D:5      | Reached * piety under Okawaru
  3454 | D:5      | Slain by an orc

Illustrated notes

Levels and vault maps discovered:
D:1:      dpeg_arrival_simpleton_c, layout_loops_ring, serial_shops,
          nicolae_shop_temple_entry_statues_fountains
D:2:      layout_loops_cross, basic_altar, chequers_ecumenical_altar_simple
D:3:      layout_basic, uniq_jessica, uniq_grinder
D:4:      layout_basic, nicolae_overflow_crystal_walls, temple_fountains,
          serial_shops, shop, uniq_robin
D:5:      layout_basic, nicolae_ossuary_entry_plus, st_stairs_5
Temple:   hellmonk_temple_beads

Skill      XL: |  1  2  3  4  5  6  7 |
---------------+----------------------+-----
Axes           | 2 3 4 |  4.6
Translocations | 2 3 4 |  4.4
Armour         | 4 |  4.6
Fighting       | 4 |  4.5
Evocations     | 1 2 |  2.3
Invocations    | 1 |  1.5
Shields        | 4 |  4.0

Action                     |  1- 3 |  4- 6 |  7- 9 || total
---------------------------+-------+-------+-------++-------
  Melee: War axe           |   108 |   113 |    62 ||   283
    Use: Scroll            |     4 |     2 |     8 ||    14
 Armour: Scale mail        |    72 |     1 |       ||    73
         Chain mail        |       |    70 |    33 ||   103
  Dodge: Dodged            |    76 |    53 |    13 ||   142
  Block: Buckler           |    27 |    41 |    21 ||    89

Table legend: (Time is in decaauts)
 A = Elapsed time spent in this place.
 B = Non-inter-level travel time spent in this place.
 C = Inter-level travel time spent in this place.
 D = Time resting spent in this place.
 E = Time spent auto-exploring this place.
 F = Levels seen in this place.
 G = Mean time per level.
                   A        B        C        D        E       F      G
               +--------+--------+--------+--------+--------+-----+--------+
         Total |   3563 |   3405 |    158 |    165 |   2489 |   6 |  593.8 |
       Dungeon |   3396 |   3309 |     87 |    165 |   2408 |   5 |  679.2 |
        Temple |    166 |     95 |     71 |      0 |     81 |   1 |  166.0 |
               +--------+--------+--------+--------+--------+-----+--------+

Top non-repeatable levels by time:
     D:4: 930 daAuts
     D:3: 736 daAuts
     D:1: 714 daAuts
     D:2: 645 daAuts
     D:5: 370 daAuts
  Temple: 166 daAuts
